 Dungeon Crawl Stone Soup version 0.25-a0-435-g4b9beb1024 (webtiles) character file.

Game seed: 706610568847168572, levelgen mode: deterministic

3992 Elellon the Thaumaturge (level 10, -2/84 HPs)
             Began as a Deep Elf Conjurer on Jan 26, 2020.
             Was a Believer of Vehumet.
             Slain by a porcupine (5 damage)
             ... on level 10 of the Dungeon.
             The game lasted 00:17:50 (8822 turns).

Elellon the Thaumaturge (Deep Elf Conjurer)         Turns: 8822, Time: 00:17:50

Health: -2/84      AC:  7    Str: 12    XL:     10   Next: 3%
Magic:  2/28       EV: 15    Int: 22    God:    Vehumet [**....]
Gold:   288        SH:  4    Dex: 15    Spells: 26/33 levels left

rFire    . . .     SeeInvis .   k - +1 dagger
rCold    . . .     Gourm    .   m - +0 buckler
rNeg     . . .     Faith    .   E - +2 robe {Archmagi}
rPois    .         Spirit   .   a - +0 helmet
rElec    .         Reflect  .   o - scarf {cloud immunity}
rCorr    .         Harm     .   u - +1 pair of gloves
MR       +....                  (no boots)
Stlth    ..........             p - amulet of the acrobat
HPRegen  0.24/turn              (no ring)
MPRegen  0.21/turn              (no ring)

@: berserking (expiring), very quick
A: no striking features
a: Renounce Religion


You were on level 10 of the Dungeon.
You worshipped Vehumet.
Vehumet was pleased with you.
You were near starving.

You visited 2 branches of the dungeon, and saw 9 of its levels.

You collected 435 gold pieces.
You spent 147 gold pieces at shops.

Inventory:

Hand Weapons
 k - a +1 dagger (weapon)
Armour
 a - a +0 helmet (worn)
 m - a +0 buckler (worn)
 o - a scarf of cloud immunity (worn)
 u - a +1 pair of gloves (worn)
 B - a +1 robe of fire resistance
 E - a +2 robe of the Archmagi (worn)
Jewellery
 p - an amulet of the acrobat (around neck)
Wands
 x - a wand of iceblast (3)
Scrolls
 b - 11 scrolls of identify
 f - 3 scrolls of teleportation
 q - 3 scrolls of remove curse
 t - a scroll of enchant weapon
 w - 3 scrolls of magic mapping
 y - a scroll of amnesia
 z - a scroll of fog {unknown}
 D - a scroll of blinking
Potions
 d - 4 potions of curing
 e - a potion of invisibility {unknown}
 g - a potion of mutation
 h - 2 potions of berserk rage
 i - 2 potions of might {unknown}
 j - a potion of cancellation {unknown}
 l - a potion of agility {unknown}
 n - 2 potions of heal wounds {unknown}
 r - 2 potions of haste {unknown}
 s - 2 potions of resistance {unknown}
 v - a potion of magic {unknown}
 A - a potion of degeneration {unknown}
Comestibles
 c - 8 rations
 C - 2 chunks of flesh


   Skills:
 + Level 3.1 Fighting
 + Level 5.4 Dodging
 - Level 2.4 Stealth
 - Level 2.1 Shields
 + Level 12.0 Spellcasting
 + Level 10.8 Conjurations


You had 26 spell levels left.
You knew the following spells:

 Your Spells              Type           Power        Failure   Level  Hunger
a - Magic Dart            Conj           ####         1%          1    None
b - Searing Ray           Conj           ######       1%          2    None
c - Iskenderun's Mystic   Conj/Tloc      ######..     7%          4    None

Your spell library contained the following spells:

 Spells                   Type           Power        Failure   Level  Hunger
 Sandblast                Erth           ###...       6%          1    None
 Dazzling Flash           Conj/Hex       ######       1%          3    None
 Fulminant Prism          Conj/Hex       ######....   7%          4    None


Dungeon Overview and Level Annotations

Branches:
Dungeon (7/15)             Temple (1/1) D:5

Altars:
Ashenzari
Cheibriados
Dithmenos
Fedhas
Gozag
Hepliaklqana
Kikubaaqudgha
Makhleb
Nemelex Xobeh
Okawaru
Qazlal
Ru
Sif Muna
Trog
Vehumet
Wu Jian
Xom
Yredelemnul
Zin
The Shining One

Shops:
D:5 ?


Message History

You miss the hungry ghost.
The hungry ghost is heavily damaged.
The porcupine bites you! You block the hungry ghost's attack.
The porcupine barely misses you.
You miss the hungry ghost.
The hungry ghost is heavily damaged.
The porcupine bites you!
* * * LOW HITPOINT WARNING * * *
The hungry ghost hits you.
* * * LOW HITPOINT WARNING * * *
You are near starving!
The porcupine closely misses you.
You puncture the hungry ghost!
The hungry ghost is severely damaged.
The porcupine bites you!
* * * LOW HITPOINT WARNING * * *
You closely miss the hungry ghost.
The hungry ghost is severely damaged.
The porcupine bites you.
You die...

#..... #..........#
.....# #W.#gY#....#
...#. .....##g#....#
.h$..###..###r.....##
.... #.## #..###..###
##.####.##......#
.........gg.....#
##.####.YWrro...#
.....(.##@.....#
.......#########
.......# .#####.# #.#
#a# #.


You could see a hungry ghost, an ice beast, 2 porcupines, 2 gnolls and an orc.

Vanquished Creatures
  A two-headed ogre (D:10)
  A hippogriff (D:10)
  Eustachio (D:5)
  Duvessa (D:6)
  An orc warrior (D:7)
  A sky beast (D:7)
  4 phantoms
  2 centaurs
  3 ogres
  Blork the orc (D:5)
  A gnoll sergeant (D:4)
  6 bullfrogs
  Dowan (D:6)
  8 wights (D:6)
  2 crimson imps
  4 hounds
  A centaur zombie (D:5)
  3 centaur skeletons
  A bullfrog skeleton (D:6)
  A jelly (D:6)
  2 orc priests
  7 orc wizards
  An iguana (D:6)
  Jessica (D:2)
  Ijyb (D:4)
  6 worker ants
  A hound skeleton (D:4)
  Robin (D:3)
  7 gnolls
  7 adders
  An ooze (D:4)
  An adder zombie (D:6)
  An adder skeleton (D:7)
  4 dart slugs
  3 leopard geckos
  18 orcs
  2 ball pythons
  4 giant cockroaches
  18 goblins
  2 hobgoblins
  16 jackals
  4 kobolds
  4 quokkas
  6 bats
  A frilled lizard (D:2)
  A jackal skeleton (D:4)
  A quokka skeleton (D:5)
  4 rats
169 creatures vanquished.

Notes
Turn   | Place    | Note
-------+----------+-------------------------------------------
     0 | D:1      | Elellon the Deep Elf Conjurer began the quest for the Orb.
     0 | D:1      | Reached XP level 1. HP: 10/10 MP: 6/6
   461 | D:1      | Reached XP level 2. HP: 15/15 MP: 5/8
  1312 | D:2      | Reached skill level 4 in Spellcasting
  1312 | D:2      | Reached skill level 5 in Conjurations
  1312 | D:2      | Reached XP level 3. HP: 19/19 MP: 3/10
  2438 | D:3      | Noticed a phantom
  2444 | D:2      | Learned a level 2 spell: Searing Ray
  2455 | D:3      | Killed a phantom
  2455 | D:3      | Reached skill level 1 in Shields
  2455 | D:3      | Reached skill level 5 in Spellcasting
  2455 | D:3      | Reached XP level 4. HP: 18/24 MP: 2/13
  2455 | D:3      | Reached XP level 5. HP: 21/28 MP: 2/14
  2578 | D:3      | Noticed Jessica
  2578 | D:3      | Noticed Robin
  2600 | D:2      | Killed Jessica
  2949 | D:3      | Killed Robin
  3124 | D:3      | Found a basalt altar of Yredelemnul.
  3124 | D:3      | Found a shattered altar of Ashenzari.
  3424 | D:4      | Noticed a phantom
  3452 | D:3      | Killed a phantom
  3452 | D:3      | Reached XP level 6. HP: 16/32 MP: 0/16
  3697 | D:4      | Reached skill level 6 in Spellcasting
  3884 | D:4      | You fall into a shaft and drop 2 floors!
  3887 | D:5      | Entered Level 5 of the Dungeon
  3937 | D:4      | Noticed Ijyb
  3979 | D:5      | Learned a level 4 spell: Iskenderun's Mystic Blast
  4150 | D:5      | Reached skill level 7 in Spellcasting
  4150 | D:5      | Reached XP level 7. HP: 36/36 MP: 13/19
  4592 | D:4      | Reached skill level 8 in Spellcasting
  5135 | D:4      | Killed Ijyb
  5560 | D:5      | Found a staircase to the Ecumenical Temple.
  5606 | Temple   | Entered the Ecumenical Temple
  5614 | Temple   | Became a worshipper of Vehumet
  5698 | D:5      | Noticed Blork the orc
  5702 | D:5      | Killed Blork the orc
  5702 | D:5      | Reached XP level 8. HP: 41/41 MP: 17/22
  5815 | D:5      | Found Nybb's Magic Scroll Shoppe.
  5823 | D:5      | Bought a scroll of magic mapping for 49 gold pieces
  5823 | D:5      | Bought a scroll of teleportation for 42 gold pieces
  5823 | D:5      | Bought a scroll of identify for 28 gold pieces
  5823 | D:5      | Bought a scroll of identify for 28 gold pieces
  6057 | D:5      | Noticed Eustachio
  6065 | D:5      | Killed Eustachio
  6065 | D:5      | Reached skill level 9 in Spellcasting
  6853 | D:6      | Noticed Dowan
  6853 | D:6      | Noticed Duvessa
  6856 | D:6      | Reached skill level 10 in Spellcasting
  6861 | D:6      | Killed Duvessa
  6864 | D:6      | Killed Dowan
  7113 | D:6      | Reached * piety under Vehumet
  7113 | D:6      | Offered knowledge of Freeze by Vehumet.
  7182 | D:6      | Reached XP level 9. HP: 45/45 MP: 22/25
  7264 | D:6      | Reached skill level 10 in Conjurations
  7444 | D:6      | Reached skill level 11 in Spellcasting
  7767 | D:6      | Reached skill level 1 in Fighting
  8382 | D:7      | Offered knowledge of Sandblast by Vehumet.
  8383 | D:7      | Reached ** piety under Vehumet
  8780 | D:7      | You fall into a shaft and drop 3 floors!
  8780 | D:10     | Entered Level 10 of the Dungeon
  8781 | D:10     | Noticed a two-headed ogre
  8790 | D:10     | Killed a two-headed ogre
  8790 | D:10     | Reached skill level 5 in Dodging
  8800 | D:10     | Reached skill level 12 in Spellcasting
  8800 | D:10     | Reached XP level 10. HP: 36/56 MP: 1/28
  8821 | D:10     | HP: 3/84 [porcupine (12)]
  8822 | D:10     | Slain by a porcupine

Levels and vault maps discovered:
D:1:      onia_arrival_pyramid, layout_loops_corners, corexii_leaking_fountain
D:2:      layout_basic, serial_forest, infiniplex_forest_lined_3,
          infiniplex_forest_straight_2, infiniplex_forest_end_2,
          infiniplex_forest_lined_3, infiniplex_forest_straight_2,
          infiniplex_forest_lined_2, infiniplex_forest_lined_1,
          infiniplex_forest_clump_curved
D:3:      layout_rooms, minitemple, uniq_jessica, uniq_robin
D:4:      layout_cave_pods, first_ration, minmay_misc_feat_tower,
          grunt_ministairs_8, uniq_ijyb
D:5:      layout_loops_corners, minmay_temple_entry_butterflies, serial_shops,
          shop, uniq_blork_the_orc, uniq_eustachio
D:6:      layout_loops_ring, uniq_duvessa
D:7:      layout_rooms, serial_curves, eino_curves_03, eino_curves_04
D:10:     layout_rooms, due_lair_maze_entry_diamond
Temple:   nicolae_temple_no_exploring_needed

Skill      XL: |  1  2  3  4  5  6  7  8  9 |
---------------+----------------------------+-----
Spellcasting   | 4 5 7 8 10 12 | 12.0
Conjurations   | 5 6 7 8 9 10 | 10.8
Shields        | 1 2 |  2.1
Fighting       | 3 |  3.1
Dodging        | 5 |  5.4
Stealth        | |  2.4

Action                   |  1- 3 |  4- 6 |  7- 9 | 10-12 || total
-------------------------+-------+-------+-------+-------++-------
Melee: Unarmed           |     1 |       |       |       ||     1
       Dagger            |       |       |       |    12 ||    12
 Cast: Magic Dart        |    56 |    48 |   133 |       ||   237
       Searing Ray       |     2 |    13 |    57 |     1 ||    73
       Iskenderun's Myst |       |       |     8 |       ||     8
  Use: Scroll            |       |     7 |       |       ||     7
       Potion            |       |       |       |     1 ||     1
  Eat: Chunk             |     4 |     6 |    14 |       ||    24
Armor: Robe              |     1 |     2 |     8 |     3 ||    14
Dodge: Dodged            |     5 |    23 |    52 |    16 ||    96
Block: Buckler           |       |     4 |     8 |     5 ||    17

Table legend:
 A = Non-vault XP
 B = Vault XP
 C = Vault XP percentage of total XP
 D = Non-vault monster count
 E = Vault monster count
 F = Vault count percentage of total count
                 A         B        C        D         E       F
            +---------+---------+-------+---------+---------+-------
      Total |    4907 |     797 |  14.0 |     145 |      24 |  14.2
            +---------+---------+-------+---------+---------+-------
        D:1 |      26 |       0 |   0.0 |      13 |       0 |   0.0
        D:2 |      55 |      41 |  42.7 |      17 |       3 |  15.0
        D:3 |     277 |      33 |  10.6 |       8 |      11 |  57.9
        D:4 |     409 |     115 |  21.9 |      27 |       5 |  15.6
        D:5 |     524 |     303 |  36.6 |      18 |       2 |  10.0
        D:6 |    1403 |     220 |  13.6 |      31 |       2 |   6.1
        D:7 |     687 |       0 |   0.0 |      23 |       0 |   0.0
       D:10 |    1526 |      85 |   5.3 |       8 |       1 |  11.1
            +---------+---------+-------+---------+---------+-------
